 Dungeon Crawl Stone Soup version 0.18.1-1-g2f07953 (webtiles) character file.

462 Hsing the Covert (level 7, -8/55 HPs)
             Began as a Naga Assassin on May 7, 2016.
             Mangled by a worker ant (11 damage)
             ... on level 4 of the Dungeon.
             The game lasted 00:10:42 (2645 turns).

Hsing the Covert (Naga Assassin)                    Turns: 2645, Time: 00:10:43

Health: -8/55      AC:  4    Str: 11 (13) XL:     7   Next: 7%
Magic:  7/7        EV: 10    Int: 11 (12) God:
Gold:   145        SH:  0    Dex: 10 (12) Spells: 0 memorised, 6 levels left

rFire  . . .     SeeInvis +     a - +3 quarterstaff (chaos)
rCold  + . .     Gourm    .     c - +0 robe
rNeg   . . .     Faith    .     (shield currently unavailable)
rPois  +         Spirit   .     (helmet restricted)
rElec  .         Dismiss  .     p - +0 cloak
rCorr  .         Reflect  .     (no gloves)
SustAt .         Harm     .     (no barding)
MR     .....                    (no amulet)
Stlth  ++++......               r - ring of poison resistance
                                m - ring of see invisible

@: very slow, not resistant to hostile enchantments, stealthy
A: antennae 1, see invisible, clumsy 1, cold resistance 1, deformed body, frail
1, poison resistance, slowness 2, slow metabolism 1, spit poison 2, MP-powered
wands, AC +2
a: Spit Poison


You were on level 4 of the Dungeon.
You were not hungry.

You visited 1 branch of the dungeon, and saw 4 of its levels.

You collected 145 gold pieces.

Inventory:

Hand Weapons
 a - a +3 quarterstaff of chaos (weapon)
 b - a +0 blowgun
Missiles
 e - 7 poisoned needles
 f - 2 curare-tipped needles
Armour
 c - a +0 robe (worn)
 d - a +0 cloak
 p - a +0 cloak (worn)
Jewellery
 m - a ring of see invisible (left hand)
 r - a ring of poison resistance (right hand)
Scrolls
 h - 2 scrolls of remove curse
 i - 2 scrolls of teleportation {unknown}
 j - 2 scrolls of identify
 l - a scroll of fog
 n - a scroll of noise {unknown}
Potions
 k - 2 potions of curing {unknown}
 q - a potion of resistance {unknown}
Comestibles
 g - a bread ration
 o - 2 meat rations


   Skills:
 + Level 3.5 Fighting
   Level 3.1 Short Blades
 + Level 3.3 Throwing
 + Level 2.2 Dodging
 * Level 8.8 Stealth


You had 6 spell levels left.
You didn't know any spells.

Dungeon Overview and Level Annotations

Branches:
Dungeon (4/15)
 Temple: D:4-7

Altars:
Ashenzari
Fedhas
Makhleb
Nemelex Xobeh
Okawaru

Annotations:
D:2 exclusion: oklob plant


Innate Abilities, Weirdness & Mutations

You cannot wear boots.
Your serpentine skin is tough (AC +2).
You have supernaturally acute eyesight.
Armour fits poorly on your strangely shaped body.
Your system is resistant to poisons.
You cover ground very slowly.
You have a slow metabolism.
You can spit poison.
You have a pair of small antennae on your head.
You are clumsy. (Dex -2)
Your flesh is cold resistant.
You are frail (-10% HP).
You expend magic power (3 MP) to strengthen your wands.


Message History

The worker ant barely misses you.
There is an escape hatch in the ceiling here.
You sock the worker ant!
The worker ant goes berserk!
The worker ant is heavily wounded.
The worker ant twitches its antennae in your direction.
The worker ant bites you!
The worker ant bites you but does no damage.
The worker ant bites you.
You hit the worker ant.
The worker ant is severely wounded.
The worker ant bites you. x2; The worker ant bites you!
* * * LOW HITPOINT WARNING * * *
You completely miss the worker ant.
The worker ant is severely wounded.
The worker ant bites you.
* * * LOW HITPOINT WARNING * * *
The worker ant bites you.
* * * LOW HITPOINT WARNING * * *
The worker ant bites you!
You die...

#.>.# #......#
###.# #......#
#.# #......# #.#
#......# #.#
#......#### #.#
#.........# #.#
#....a....####.#
#!.a@...'....#
#.....#....######
#.... #....# #...
#....# #.Z #....#
#. #....# #
######


You could see 2 worker ants and an adder skeleton (dormant).

Vanquished Creatures
  Sigmund (D:2)
  An ogre (D:4)
  An orc priest (D:3)
  Crazy Yiuf (D:2)
  Natasha (twice) (D:4)
  2 adders
  2 oozes (D:2)
  3 worms
  10 orcs (D:3)
  8 bats
  2 giant cockroaches (D:1)
  11 goblins
  6 hobgoblins
  8 jackals (D:1)
  6 kobolds
  3 quokkas
  5 giant newts
  10 rats
82 creatures vanquished.

Notes
Turn   | Place    | Note
--------------------------------------------------------------
     0 | D:1      | Hsing the Naga Assassin began the quest for the Orb.
     0 | D:1      | Reached XP level 1. HP: 19/19 MP: 1/1
   144 | D:1      | Reached XP level 2. HP: 16/26 MP: 2/2
   147 | D:1      | Reached skill level 6 in Stealth
   254 | D:1      | Reached skill level 1 in Dodging
   321 | D:1      | Reached XP level 3. HP: 17/32 MP: 3/3
   788 | D:2      | Gained mutation: You are clumsy. (Dex -2) [potion of mutation]
   788 | D:2      | Gained mutation: You have a pair of small antennae on your head. [potion of mutation]
   788 | D:2      | Gained mutation: You expend magic power (3 MP) to strengthen your wands. [potion of mutation]
   813 | D:2      | Found an iron altar of Okawaru.
   871 | D:2      | Reached XP level 4. HP: 34/40 MP: 4/4
   892 | D:2      | Noticed Sigmund
   917 | D:2      | Killed Sigmund
   917 | D:2      | Reached skill level 7 in Stealth
   917 | D:2      | Reached XP level 5. HP: 26/48 MP: 5/5
   975 | D:2      | Found a burning altar of Makhleb.
  1108 | D:2      | Noticed Crazy Yiuf
  1124 | D:2      | Killed Crazy Yiuf
  1124 | D:2      | Reached XP level 6. HP: 30/56 MP: 6/6
  1132 | D:2      | Gained mutation: You are frail (-10% HP). [potion of mutation]
  1132 | D:2      | Gained mutation: Your flesh is cold resistant. [potion of mutation]
  1223 | D:2      | Found a blossoming altar of Fedhas.
  1235 | D:2      | Noticed an oklob plant
  1792 | D:3      | Reached skill level 8 in Stealth
  2074 | D:3      | Found a shattered altar of Ashenzari.
  2279 | D:4      | Noticed Natasha
  2290 | D:4      | Killed Natasha
  2376 | D:4      | Found a sparkling altar of Nemelex Xobeh.
  2402 | D:4      | Noticed Natasha
  2415 | D:4      | Killed Natasha
  2477 | D:4      | Reached XP level 7. HP: 9/55 MP: 7/7
  2645 | D:4      | Mangled by a worker ant

Skill      XL: |  1  2  3  4  5  6 |
---------------+-------------------+-----
Stealth        | 6 7 8 |  8.8
Throwing       | 2 3 |  3.3
Dodging        | 1 2 |  2.2
Short Blades   | 3 |  3.1
Fighting       | 3 |  3.5

Action                   |  1- 3 |  4- 6 |  7- 9 || total
-------------------------+-------+-------+-------++-------
Melee: Dagger            |   139 |    15 |       ||   154
       Quarterstaff      |       |    82 |     3 ||    85
 Fire: Blowgun           |       |    21 |       ||    21
  Use: Potion            |     2 |     3 |       ||     5
       Scroll            |       |    13 |       ||    13
 Stab: Sleeping          |    10 |    13 |       ||    23
  Eat: Pizza             |       |     2 |       ||     2
       Royal jelly       |       |     1 |       ||     1
       Beef jerky        |       |     1 |       ||     1
Armor: Robe              |    63 |    19 |     1 ||    83
Dodge: Dodged            |    80 |    65 |     1 ||   146
